 Dungeon Crawl Stone Soup version 0.19-a0-1212-gd81f432 (webtiles) character file.

2633 Ryco the Fighter (level 9, -5/114 HPs)
             Began as a Minotaur Berserker on Aug 22, 2016.
             Was an Elder of Trog.
             Slain by a komodo dragon (15 damage)
             ... on level 2 of the Lair of Beasts.
             The game lasted 00:20:21 (2814 turns).

Ryco the Fighter (Minotaur Berserker)               Turns: 2814, Time: 00:20:22

Health: -5/114     AC: 10    Str: 27    XL:     9   Next: 35%
Magic:  8/8        EV: 10    Int:  6    God:    Trog [****..]
Gold:   189        SH:  0    Dex:  6    Spells: 0 memorised, 8 levels left

rFire  . . .     SeeInvis .     a - +0 war axe (vamp)
rCold  . . .     Gourm    .     u - +0 scale mail {rPois}
rNeg   . . .     Faith    .     (no shield)
rPois  +         Spirit   .     (helmet restricted)
rElec  .         Dismiss  .     (no cloak)
rCorr  .         Reflect  .     (no gloves)
MR     .....     Harm     .     (no boots)
Stlth  ..........               (no amulet)
                                b - -5 ring of dexterity (curse)
                                A - +3 ring of protection

@: berserking, very quick
A: retaliatory headbutt, horns 2, clever 1, frail 1, weak 1
a: Berserk, Trog's Hand, Brothers in Arms, Burn Spellbooks, Renounce Religion


You were on level 2 of the Lair of Beasts.
You worshipped Trog.
Trog was greatly pleased with you.
You were not hungry.

You visited 2 branches of the dungeon, and saw 11 of its levels.
You also visited: Sewer.

You collected 189 gold pieces.

Inventory:

Hand Weapons
 a - a +0 vampiric war axe (weapon)
 l - a +0 battleaxe
 t - a +1 war axe
 y - a +2 flail of freezing
Missiles
 v - 2 tomahawks of returning (quivered)
 w - a throwing net
Armour
 o - a +0 chain mail
 u - a +0 scale mail of poison resistance (worn)
Jewellery
 b - a cursed -5 ring of dexterity (right hand)
 f - an uncursed ring of see invisible
 A - a +3 ring of protection (left hand)
Wands
 p - a wand of teleportation (7/9)
 s - a wand of confusion (27/48)
Scrolls
 g - a scroll of recharging
 x - 3 scrolls of teleportation
Potions
 e - a potion of haste
 h - a potion of degeneration {unknown}
 i - a potion of curing
 k - 4 potions of flight
 n - a potion of magic
Books
 d - a book of the Warp

   Spells                             Type                      Level
   a - Gell's Gravitas                Hexes/Translocation          3
   b - Force Lance                    Conjuration/Translocation    4
   c - Summon Forest                  Summoning/Translocation      5
   d - Dispersal                      Translocation                6
   e - Controlled Blink               Translocation                8
   f - Disjunction                    Translocation                8
   Trog disapproves of the use of such an item.
 r - a book of Minor Magic

   Spells                             Type                      Level
   a - Magic Dart                     Conjuration                  1
   b - Blink                          Translocation                2
   c - Call Imp                       Summoning                    2
   d - Repel Missiles                 Charms/Air                   2
   e - Slow                           Hexes                        2
   f - Conjure Flame                  Conjuration/Fire             3
   g - Mephitic Cloud                 Conjuration/Poison/Air       3
   Trog disapproves of the use of such an item.
Miscellaneous
 q - a phantom mirror
Comestibles
 c - 4 bread rations
 j - 4 fruits
 m - 5 chunks of flesh
 z - a meat ration


   Skills:
 + Level 10.2 Fighting
 + Level 10.2 Axes
 + Level 0.8 Throwing
 + Level 7.3 Armour
 - Level 2.1 Dodging


You had 8 spell levels left.
You didn't know any spells.

Dungeon Overview and Level Annotations

Branches:
Dungeon (9/15)               Lair (2/6) D:8
 Temple: D:4-7        Swamp: Lair:2-4    Shoals: Lair:2-4     Snake: Lair:2-4
 Spider: Lair:2-4       Orc: D:9-12

Altars:
Cheibriados
Kikubaaqudgha
Okawaru
Uskayaw

Shops:
D:5 !


Innate Abilities, Weirdness & Mutations

You reflexively headbutt those who attack you in melee.
You have a pair of horns on your head.
Your mind is acute. (Int +2)
You are frail. (-10% HP)
You are weak. (Str -2)


Message History

The komodo dragon is moderately wounded.
The komodo dragon bites you!
You hit the komodo dragon but do no damage.
You headbutt the komodo dragon.
The komodo dragon is heavily wounded.
The komodo dragon seems less confused.
The komodo dragon bites you!!
* * * LOW HITPOINT WARNING * * *
You are too injured to fight recklessly!
You are too injured to fight recklessly!
You are too injured to fight recklessly!
You are too injured to fight recklessly!
You are too injured to fight recklessly!
A red film seems to cover your vision as you go berserk!
You feel yourself moving faster!
You feel mighty!
You feel somewhat more hungry. The komodo dragon bites you!
* * * LOW HITPOINT WARNING * * *
You barely miss the komodo dragon. Your headbutt misses the komodo dragon.
The komodo dragon is heavily wounded.
The komodo dragon bites you!
You die...

## ##### #.######.....
##...P#...... ##### ###
#.#.......... ....# #..
###...........
.P..#####..##...@.........
.........##.#...l.........
......#..#................
......##..............>...
..........................
..........................
..........#P..##........<.
.........###.####.........
........## #..# #.###.#...


You could see a komodo dragon.

Vanquished Creatures
  2 yaks
  A hippogriff (Lair:1)
  A basilisk (Lair:2)
  A water moccasin (Lair:2)
  An orc warrior (D:8)
  An ice beast (D:5)
  A sky beast (D:5)
  A centaur (D:6)
  An ogre (D:9)
  A necrophage (D:5)
  A big kobold (Sewer)
  2 giant frogs
  A gnoll sergeant (D:8)
  A scorpion (D:4)
  An electric eel (D:9)
  5 wights (D:6)
  2 howler monkeys
  4 crimson imps
  An orc priest (D:8)
  3 hounds
  A centaur skeleton (D:5)
  A jelly (D:9)
  2 orc wizards (D:8)
  Terence (D:3)
  Jessica (D:2)
  3 iguanas
  4 worker ants
  A hound zombie (D:5)
  5 adders
  5 gnolls (D:8)
  5 river rats
  An adder skeleton (D:4)
  A worm (D:2)
  3 dart slugs
  2 giant geckos (D:1)
  12 orcs
  A giant cockroach (D:5)
  A goblin (D:2)
  2 hobgoblins
  2 jackals (Sewer)
  5 kobolds
  2 quokkas
  A ball python (D:5)
  8 bats (D:8)
  2 giant newts
  A jackal zombie (D:6)
  21 rats
126 creatures vanquished.

Vanquished Creatures (others)
  An orc (D:9)
  3 fungi (D:8)
4 creatures vanquished.

Grand Total: 130 creatures vanquished

Notes
Turn   | Place    | Note
-------+----------+-------------------------------------------
     0 | D:1      | Ryco the Minotaur Berserker began the quest for the Orb.
     0 | D:1      | Reached XP level 1. HP: 19/19 MP: 0/0
   149 | D:2      | Found an iron altar of Okawaru.
   267 | D:1      | Reached XP level 2. HP: 27/27 MP: 1/1
   467 | D:2      | Found a snail-covered altar of Cheibriados.
   524 | D:2      | Reached XP level 3. HP: 30/34 MP: 2/2
   536 | D:2      | Noticed Jessica
   541 | D:2      | Killed Jessica
   541 | D:2      | Reached skill level 5 in Fighting
   541 | D:2      | Reached XP level 4. HP: 13/42 MP: 3/3
   543 | D:2      | HP: 3/63 [poisoned by an adder]
   548 | D:2      | HP: 1/42 [poisoned by an adder]
   667 | D:5      | Entered Level 5 of the Dungeon
   667 | D:5      | Noticed an ice beast
   673 | D:5      | Killed an ice beast
   673 | D:5      | Reached skill level 5 in Axes
   673 | D:5      | Reached XP level 5. HP: 44/50 MP: 4/4
   716 | D:5      | Reached ** piety under Trog
   755 | D:5      | Found Sagekhis's Distillery.
   845 | D:5      | Reached XP level 6. HP: 36/58 MP: 5/5
   860 | D:5      | Noticed a sky beast
   868 | D:5      | Killed a sky beast
   938 | D:5      | Reached XP level 7. HP: 19/65 MP: 6/6
  1045 | D:5      | Found a glowing drain.
  1064 | Sewer    | Entered a sewer
  1203 | Sewer    | Found a white marble altar of Elyvilon.
  1308 | D:4      | Found a hide-covered altar of Uskayaw.
  1450 | D:3      | Noticed Terence
  1459 | D:3      | Killed Terence
  1459 | D:3      | Reached *** piety under Trog
  1502 | D:3      | Found an ancient bone altar of Kikubaaqudgha.
  1812 | D:6      | Reached XP level 8. HP: 61/73 MP: 7/7
  1815 | D:6      | Reached skill level 5 in Armour
  1880 | D:6      | You fall through a shaft!
  1891 | D:7      | Gained mutation: You are frail. (-10% HP) [potion of mutation]
  1891 | D:7      | Gained mutation: Your mind is acute. (Int +2) [potion of mutation]
  1891 | D:7      | Gained mutation: You are weak. (Str -2) [potion of mutation]
  2445 | D:9      | HP: 2/70 [yak (12)]
  2529 | D:8      | Reached **** piety under Trog
  2536 | D:8      | Reached XP level 9. HP: 45/76 MP: 8/8
  2545 | D:8      | Found a staircase to the Lair.
  2672 | Lair:1   | Entered Level 1 of the Lair of Beasts
  2687 | Lair:1   | Reached skill level 10 in Fighting
  2687 | Lair:1   | Reached skill level 10 in Axes
  2798 | Lair:2   | Noticed a komodo dragon
  2814 | Lair:2   | Slain by a komodo dragon

Vault maps used:
D:1:      dpeg_arrival_ratfight
D:2:      old_standard_altar, kennysheep_slug_shrine, minmay_misc_feat_rugged,
          minmay_misc_feat_secret_circle, okawaru_trees_1, uniq_jessica
D:3:      overflow_temple_1_default, uniq_grinder, uniq_terence
D:4:      nicolae_overflow_crystal_walls
D:5:      first_bread, portal_sewer_entry_a, serial_shops, nicolae_shop_stone,
          hangedman_decor_push, minivault_23
D:7:      led_sif_book, marbit_many_paths, basic_altar, serial_shops,
          nicolae_shop_overgrown_old_shop, grunt_livestock
D:8:      grunt_lair_entry_orc_guard_hut, tgw_fedhas
D:9:      lemuel_round_altar, uniq_erica
Lair:1:   st_stairs_11, grunt_forest_large_clearing_hut,
          infiniplex_staircase_pool
Lair:2:   beast_lair_carwin_large_3, elwin_shoals_entry_rooms,
          minmay_snake_entry_six_corridors, uniq_harold
Sewer:    sewer_kobolds

Skill      XL: |  1  2  3  4  5  6  7  8  9 |
---------------+----------------------------+-----
Fighting       | 4 5 6 7 8 9 10 | 10.2
Axes           | 4 5 6 8 9 10 | 10.2
Armour         | 3 4 6 7 |  7.3
Throwing       | |  0.8
Dodging        | |  2.1

Action                   |  1- 3 |  4- 6 |  7- 9 || total
-------------------------+-------+-------+-------++-------
Melee: Hand axe          |    37 |     6 |       ||    43
       Headbutt          |     5 |     5 |    37 ||    47
       War axe           |       |    31 |   215 ||   246
Throw: Tomahawk          |       |       |     2 ||     2
Invok: Berserk           |     1 |     2 |     6 ||     9
       Trog's Hand       |       |       |     1 ||     1
Evoke: Wand              |       |       |     1 ||     1
  Use: Scroll            |       |     5 |     5 ||    10
       Potion            |       |     1 |     5 ||     6
 Stab: Confused          |       |       |     1 ||     1
  Eat: Chunk             |       |     2 |     6 ||     8
       Beef jerky        |       |     1 |       ||     1
       Meat ration       |       |       |     2 ||     2
Armor: Animal skin       |     2 |       |       ||     2
       Leather armour    |       |     3 |     9 ||    12
       Scale mail        |       |       |    57 ||    57
Dodge: Dodged            |    17 |    23 |   130 ||   170
